 Dungeon Crawl Stone Soup version 0.20.1-1-g8b1a95d (webtiles) character file.

1293 equalderp2856 the Chopper (level 8, -1/70 HPs)
             Began as a Minotaur Fighter on Aug 9, 2017.
             Slain by a centaur
             ... wielding the +10 war axe "Ceafuamm" {distort, rElec rF+}
              (12 damage)
             ... on level 6 of the Dungeon.
             The game lasted 00:17:07 (7647 turns).

equalderp2856 the Chopper (Minotaur Fighter)        Turns: 7647, Time: 00:17:13

Health: -1/70      AC:  7    Str: 22    XL:     8   Next: 30%
Magic:  7/7        EV:  9    Int:  5    God:
Gold:   363        SH: 10    Dex: 11    Spells: 3/7 levels left

rFire    . . .     SeeInvis .   a - +0 war axe
rCold    . . .     Gourm    .   c - +0 shield
rNeg     . . .     Faith    .   b - +0 scale mail
rPois    .         Spirit   .   (helmet restricted)
rElec    .         Reflect  .   (no cloak)
rCorr    .         Harm     .   (no gloves)
MR       .....                  (no boots)
Stlth    ..........             (no amulet)
Regen    0.3/turn               (no ring)
MPRegen  0.1/turn               (no ring)

@: no status effects
A: retaliatory headbutt, horns 2
a: no special abilities


You were on level 6 of the Dungeon.
You were very hungry.

You visited 1 branch of the dungeon, and saw 6 of its levels.
You also visited: Sewer.

You collected 363 gold pieces.

Inventory:

Hand Weapons
 a - a +0 war axe (weapon)
 o - a +2 spear of piercing
 u - a +0 mace of crushing
 B - a +0 rapier
 C - a +0 short sword
 D - a +0 vampiric short sword
 M - a +2 dagger of protection
Missiles
 m - 231 stones (quivered)
 t - 24 bolts
 v - 117 arrows
 A - 4 tomahawks
 E - 12 poisoned needles
 N - 25 sling bullets
Armour
 b - a +0 scale mail (worn)
 c - a +0 shield (worn)
 z - a +0 chain mail
 O - a +0 shield
Jewellery
 s - an uncursed amulet of magic regeneration
 F - an uncursed amulet of magic regeneration
 K - a +3 amulet of reflection
 S - an uncursed ring of magical power {unknown}
 U - an uncursed amulet of the gourmand
 X - an uncursed amulet of regeneration
Wands
 H - a wand of clouds (1/9)
 P - a wand of polymorph (12/24)
 Q - a wand of polymorph (9/24)
 R - a wand of random effects (20/48)
Scrolls
 e - 4 scrolls of remove curse {unknown}
 h - a scroll of identify
 k - 3 scrolls of teleportation {unknown}
 l - a scroll of immolation {unknown}
 w - a scroll of noise {unknown}
 x - a scroll of recharging {unknown}
 y - a scroll of fog {unknown}
 L - 2 scrolls of fear {unknown}
 T - a scroll of holy word {unknown}
 V - a scroll of random uselessness {unknown}
 W - a scroll of enchant armour {unknown}
 Z - 2 scrolls of blinking {unknown}
Potions
 d - 3 potions of might
 i - 7 potions of curing
 p - 2 potions of degeneration {unknown}
 q - a potion of flight {unknown}
 r - a potion of mutation {unknown}
 I - 3 potions of agility {unknown}
 J - a potion of heal wounds {unknown}
Books
 G - a book of Necromancy

   Spells                             Type                      Level
   a - Pain                           Necromancy                   1
   b - Animate Skeleton               Necromancy                   1
   c - Vampiric Draining              Necromancy                   3
   d - Regeneration                   Charms/Necromancy            3
   e - Animate Dead                   Necromancy                   4
   f - Control Undead                 Necromancy                   4
Comestibles
 f - 7 bread rations
 g - 3 royal jellies
 j - 4 fruits
 n - 3 meat rations


   Skills:
 + Level 6.0 Fighting
 + Level 7.3 Axes
 + Level 7.0 Armour
 + Level 2.5 Dodging
 + Level 6.4 Shields


You had 3 spell levels left.
You knew the following spells:

 Your Spells              Type           Power        Failure   Level  Hunger
a - Animate Skeleton      Necr           N/A          98%         1    ##.....
b - Regeneration          Chrm/Necr      #.........   100%        3    ####...


Dungeon Overview and Level Annotations

Branches:
Dungeon (6/15)             Temple (0/1) D:4

Altars:
Elyvilon
Nemelex Xobeh
Sif Muna
Zin

Annotations:
D:5 flestrin's ghost, novice MiFi


Innate Abilities, Weirdness & Mutations

You reflexively headbutt those who attack you in melee.
You have a pair of horns on your head.


Message History

Your shield and scale mail prevent you from hitting the centaur.
The centaur is moderately wounded.
You block the centaur's attack. The centaur closely misses you.
You hit the centaur but do no damage.
You headbutt the centaur, but do no damage.
The centaur is moderately wounded.
The centaur hits you with an uncursed faintly glowing war axe {distort}!
Space bends around you.
You hit the centaur but do no damage. You headbutt the centaur!
The centaur is severely wounded.
You block the centaur's attack.
The centaur hits you with an uncursed faintly glowing war axe {distort}!
You feel strangely unstable.
You hit the centaur.
The centaur is almost dead.
The centaur hits you with an uncursed faintly glowing war axe {distort}!!
* * * LOW HITPOINT WARNING * * *
You feel strangely stable.
The centaur hits you with an uncursed faintly glowing war axe {distort}!
You die...

#≈#...# #≈#...#######
#≈#..........
#.#.#.###.####
#...#........#
#.#######.##.# #.# #.##.#
#.#######.##.# ###
#.#..@c.#.##.###.#
#.#.###.#.##.....#####
#.#.###.#.###.........
#.......#.###.........
####.....................
#........................
#.##.....................
#.########...............
#.# #.......###.....


You could see a centaur.

Vanquished Creatures
  A necrophage (D:6)
  A bullfrog (Sewer)
  Blork the orc (D:5)
  2 scorpions
  A water moccasin skeleton (D:4)
  A howler monkey (D:4)
  A crimson imp (D:5)
  2 hounds (D:5)
  4 orc wizards
  2 orc priests (D:4)
  A centaur skeleton (D:5)
  4 worker ants
  A killer bee zombie (D:6)
  A hound skeleton (D:4)
  11 gnolls
  7 river rats (D:5)
  10 adders
  5 oozes (Sewer)
  An adder skeleton (D:5)
  3 worms
  2 dart slugs
  16 leopard geckos
  16 orcs
  12 ball pythons
  9 bats
  16 giant cockroaches
  5 goblins
  10 hobgoblins
  6 jackals
  7 quokkas
  13 frilled lizards
  4 kobolds
  A quokka skeleton (D:4)
  18 rats
195 creatures vanquished.

Notes
Turn   | Place    | Note
-------+----------+-------------------------------------------
     0 | D:1      | equalderp2856 the Minotaur Fighter began the quest for the Orb.
     0 | D:1      | Reached XP level 1. HP: 19/19 MP: 0/0
   140 | D:1      | Reached XP level 2. HP: 23/27 MP: 1/1
   575 | D:1      | Found a sparkling altar of Nemelex Xobeh.
   812 | D:1      | Reached XP level 3. HP: 33/33 MP: 2/2
  1077 | D:2      | Reached XP level 4. HP: 34/41 MP: 3/3
  1439 | D:2      | Found a white marble altar of Elyvilon.
  1523 | D:2      | Found a faded altar of an unknown god.
  2534 | D:3      | Reached XP level 5. HP: 44/47 MP: 4/4
  3337 | D:4      | Reached skill level 5 in Armour
  3337 | D:4      | Reached XP level 6. HP: 55/55 MP: 5/5
  3368 | D:4      | Learned a level 1 spell: Animate Skeleton
  3372 | D:4      | Learned a level 3 spell: Regeneration
  3392 | D:4      | Reached skill level 5 in Axes
  3397 | D:4      | Reached skill level 1 in Dodging
  3397 | D:4      | Reached skill level 5 in Shields
  3753 | D:4      | Reached skill level 5 in Fighting
  4323 | D:4      | Reached XP level 7. HP: 59/61 MP: 6/6
  4343 | D:4      | Found a staircase to the Ecumenical Temple.
  5203 | D:5      | Entered Level 5 of the Dungeon
  5273 | D:5      | Noticed Blork the orc
  5277 | D:5      | Killed Blork the orc
  5302 | D:5      | Noticed flestrin's ghost (novice MiFi)
  5499 | D:5      | Paralysed by fainting for 10 turns
  5550 | D:5      | Found a glowing silver altar of Zin.
  5550 | D:5      | Found a sparkling altar of Nemelex Xobeh.
  5550 | D:5      | Found a deep blue altar of Sif Muna.
  6621 | D:6      | Reached XP level 8. HP: 59/70 MP: 7/7
  6732 | D:6      | Paralysed by fainting for 9 turns
  6819 | D:6      | Found a glowing drain.
  6828 | Sewer    | Entered a sewer
  7647 | D:6      | Identified the +10 war axe "Ceafuamm" {distort, rElec rF+}
  7647 | D:6      | Slain by a centaur

Skill      XL: |  1  2  3  4  5  6  7  8 |
---------------+-------------------------+-----
Fighting       | 4 5 6 |  6.0
Shields        | 4 5 6 |  6.4
Axes           | 3 4 5 6 7 |  7.3
Armour         | 4 5 6 7 |  7.0
Dodging        | 1 2 |  2.5

Action                   |  1- 3 |  4- 6 |  7- 9 || total
-------------------------+-------+-------+-------++-------
Melee: War axe           |    50 |   147 |   248 ||   445
       Headbutt          |     3 |    28 |    35 ||    66
Evoke: Wand              |       |       |     3 ||     3
  Use: Scroll            |       |     1 |     4 ||     5
  Eat: Chunk             |       |    10 |     7 ||    17
       Royal jelly       |       |       |     2 ||     2
Armor: Scale mail        |    33 |    84 |   118 ||   235
Dodge: Dodged            |    30 |    46 |   125 ||   201
Block: Shield            |    27 |    77 |   172 ||   276
